[ AOE2 MATCH · #475266657 ]
UnrankedKoreans vs Persians
Player's team · LOSS
[ REPLAY ANALYSIS · EXTRACTED FROM THE RECORDED GAME ]
Feudal
14:42
Castle
18:12
Imperial
—
| APM avg | 38.1 |
| APM peak | 80 |
| eAPM avg | 21.6 |
| Villagers / military | 54 / 61 |
Focus
⚔️ 34.9% · 🌾 65.1%
Petard ×37 · War Wagon ×24 · Fishing Ship ×22
Feudal
13:22
Castle
16:52
Imperial
—
| APM avg | 49.0 |
| APM peak | 93 |
| eAPM avg | 25.6 |
| Villagers / military | 83 / 19 |
Focus
⚔️ 23.5% · 🌾 76.5%
Conquistador ×19 · Fishing Ship ×14
Feudal
13:25
Castle
17:10
Imperial
—
| APM avg | 28.5 |
| APM peak | 57 |
| eAPM avg | 14.8 |
| Villagers / military | 51 / 10 |
Focus
⚔️ 28.0% · 🌾 72.0%
Fishing Ship ×14 · Mangonel ×5 · Monk ×4 · Scorpion ×1
Feudal
—
Castle
—
Imperial
—
| APM avg | 28.7 |
| APM peak | 78 |
| eAPM avg | 14.2 |
| Villagers / military | 39 / 17 |
Focus
⚔️ 31.1% · 🌾 68.9%
Conquistador ×11 · Fishing Ship ×11 · Battering Ram ×4 · Mangonel ×2
Feudal
14:28
Castle
18:05
Imperial
—
| APM avg | 38.7 |
| APM peak | 70 |
| eAPM avg | 23.4 |
| Villagers / military | 91 / 66 |
Focus
⚔️ 37.9% · 🌾 62.1%
Fishing Ship ×56 · Skirmisher ×29 · Elephant Archer ×16 · Fire Galley ×13 · Armored Elephant ×8
Feudal
11:55
Castle
—
Imperial
—
| APM avg | 10.6 |
| APM peak | 48 |
| eAPM avg | 4.3 |
| Villagers / military | 24 / 2 |
Focus
⚔️ 24.1% · 🌾 75.9%
Fishing Ship ×8 · Galley ×2
Feudal
11:13
Castle
21:12
Imperial
—
| APM avg | 62.4 |
| APM peak | 87 |
| eAPM avg | 38.5 |
| Villagers / military | 107 / 169 |
Focus
⚔️ 40.1% · 🌾 59.9%
Eagle Scout ×155 · Fishing Ship ×12 · Fire Galley ×10 · Battering Ram ×4
Feudal
13:12
Castle
17:16
Imperial
30:55
| APM avg | 36.7 |
| APM peak | 56 |
| eAPM avg | 19.0 |
| Villagers / military | 79 / 59 |
Focus
⚔️ 27.2% · 🌾 72.8%
Militia ×30 · Fishing Ship ×23 · Galley ×15 · Urumi Swordsman ×6 · Fire Galley ×4 · Trebuchet (Packed) ×4
Match map
Initial resources + every placement click. Lines = walls · curves = elevation contours. ◆ gold · ⬟ stone · ● berries · ✦ relic · ◌ wall gap
Your base· Open — 7t gap
[CL] Davidlk1412's base· Open — 15t gap
El Venenudo's base· Open — 3t gap
pinneda's base· Open — unwalled flank
watoncito's base· Open — 13t gap
YYQ's base· Open — 9t gap
[CL] Inkisidor_'s base· Open — unwalled flank
VNS_Duy's base· Open — 4t gap
Smoothed initial terrain · ◌ = detected wall gap · hover for details
Inputs per minute
— Chapulin Colorado - - [CL] Davidlk1412
Build order — Chapulin Colorado
First 150 of 225 actions detected
| 0:05 | Build | Town Center |
| 0:24 | Build | Dock |
| 0:29 | Build | Palisade Wall |
| 0:30 | Build | Palisade Wall |
| 0:32 | Build | Palisade Wall |
| 2:36 | Create | Villager (Male) |
| 2:37 | Create | Villager (Male) |
| 2:37 | Create | Villager (Male) |
| 2:37 | Create | Villager (Male) |
| 3:05 | Create | Villager (Male) |
| 3:26 | Create | Fishing Ship |
| 3:26 | Create | Fishing Ship |
| 4:17 | Build | House |
| 4:41 | Create | Villager (Male) |
| 4:41 | Create | Villager (Male) |
| 4:53 | Create | Fishing Ship |
| 5:07 | Create | Villager (Male) |
| 5:08 | Create | Villager (Male) |
| 5:30 | Create | Villager (Male) |
| 5:31 | Create | Villager (Male) |
| 5:37 | Build | House |
| 6:01 | Create | Fishing Ship |
| 6:01 | Create | Fishing Ship |
| 6:07 | Create | Villager (Male) |
| 6:07 | Create | Villager (Male) |
| 6:21 | Create | Villager (Male) |
| 6:21 | Create | Villager (Male) |
| 6:39 | Create | Villager (Male) |
| 6:54 | Build | House |
| 7:10 | Create | Fishing Ship |
| 7:11 | Create | Fishing Ship |
| 7:25 | Create | Villager (Male) |
| 7:25 | Create | Villager (Male) |
| 7:25 | Create | Villager (Male) |
| 7:46 | Create | Villager (Male) |
| 7:46 | Create | Villager (Male) |
| 8:17 | Create | Fishing Ship |
| 8:22 | Build | House |
| 8:46 | Create | Villager (Male) |
| 8:47 | Create | Villager (Male) |
| 9:00 | Create | Fishing Ship |
| 9:02 | Build | House |
| 9:07 | Create | Villager (Male) |
| 9:26 | Create | Villager (Male) |
| 9:29 | Create | Villager (Male) |
| 9:58 | Create | Fishing Ship |
| 10:07 | Create | Villager (Male) |
| 10:13 | Build | House |
| 10:17 | Create | Villager (Male) |
| 10:32 | Build | Mill |
| 11:05 | Research | Feudal Age |
| 11:05 | Research | Feudal Age |
| 11:09 | Create | Villager (Male) |
| 11:09 | Create | Villager (Male) |
| 11:13 | Build | House |
| 11:46 | Research | Feudal Age |
| 11:46 | Research | Feudal Age |
| 11:56 | Build | Mining Camp |
| 12:37 | Build | Outpost |
| 12:40 | Build | Outpost |
| 12:44 | Build | Outpost |
| 12:49 | Build | Mining Camp |
| 12:54 | Create | Villager (Male) |
| 12:55 | Create | Villager (Male) |
| 13:08 | Research | Loom |
| 14:39 | Build | Dock |
| 14:42 | Age | Feudal Age |
| 14:44 | Build | Market |
| 14:50 | Build | Blacksmith |
| 15:26 | Research | Castle Age |
| 15:26 | Research | Castle Age |
| 15:43 | Create | Fishing Ship |
| 15:47 | Create | Fishing Ship |
| 16:27 | Create | Fishing Ship |
| 16:27 | Create | Fishing Ship |
| 16:31 | Build | House |
| 16:42 | Build | Lumber Camp |
| 16:47 | Create | Villager (Male) |
| 17:01 | Build | House |
| 17:10 | Create | Fishing Ship |
| 17:10 | Create | Fishing Ship |
| 17:10 | Create | Fishing Ship |
| 17:30 | Create | Villager (Male) |
| 17:33 | Research | Double-Bit Axe |
| 17:33 | Research | Double-Bit Axe |
| 17:51 | Create | Fishing Ship |
| 17:52 | Create | Fishing Ship |
| 17:52 | Create | Fishing Ship |
| 18:12 | Age | Castle Age |
| 18:26 | Build | Castle |
| 18:33 | Research | Fletching |
| 18:33 | Research | Fletching |
| 18:34 | Research | Bow Saw |
| 18:34 | Research | Bow Saw |
| 18:36 | Create | Villager (Male) |
| 18:36 | Create | Villager (Male) |
| 18:44 | Research | Tech 906 |
| 18:44 | Research | Tech 906 |
| 19:04 | Build | Dock |
| 19:17 | Create | Fishing Ship |
| 19:18 | Create | Fishing Ship |
| 19:19 | Create | Villager (Male) |
| 19:32 | Create | War Wagon |
| 19:32 | Create | War Wagon |
| 19:33 | Create | Villager (Male) |
| 19:46 | Create | War Wagon |
| 19:48 | Research | Bodkin Arrow |
| 19:48 | Research | Bodkin Arrow |
| 20:08 | Create | War Wagon |
| 20:09 | Create | Villager (Male) |
| 20:15 | Build | Lumber Camp |
| 20:24 | Build | Lumber Camp |
| 20:34 | Create | War Wagon |
| 20:36 | Create | Villager (Male) |
| 20:54 | Create | War Wagon |
| 21:07 | Create | War Wagon |
| 21:08 | Create | Villager (Male) |
| 21:20 | Research | Gold Mining |
| 21:20 | Research | Gold Mining |
| 21:23 | Create | War Wagon |
| 21:39 | Create | War Wagon |
| 21:46 | Create | War Wagon |
| 21:54 | Create | War Wagon |
| 21:57 | Build | University |
| 21:59 | Create | Villager (Male) |
| 22:05 | Create | War Wagon |
| 22:21 | Research | Wheelbarrow |
| 22:22 | Research | Wheelbarrow |
| 22:23 | Research | Town Watch |
| 22:24 | Create | Villager (Male) |
| 22:26 | Create | War Wagon |
| 22:38 | Research | Gillnets |
| 22:38 | Research | Gillnets |
| 22:54 | Research | Ballistics |
| 23:08 | Create | War Wagon |
| 23:08 | Create | War Wagon |
| 23:09 | Create | Villager (Male) |
| 23:16 | Build | Lumber Camp |
| 23:31 | Create | War Wagon |
| 23:42 | Create | War Wagon |
| 23:46 | Build | Mining Camp |
| 23:54 | Create | War Wagon |
| 23:55 | Create | Villager (Male) |
| 24:12 | Build | Town Center |
| 24:41 | Create | War Wagon |
| 24:41 | Create | War Wagon |
| 24:42 | Create | Villager (Male) |
| 24:48 | Create | Petard |
| 24:48 | Create | Petard |
| 24:48 | Create | Petard |
Build order — [CL] Davidlk1412
First 150 of 238 actions detected
| 0:10 | Build | Town Center |
| 0:14 | Build | Town Center |
| 0:51 | Build | Dock |
| 2:37 | Create | Villager (Male) |
| 2:38 | Create | Villager (Male) |
| 2:38 | Create | Villager (Male) |
| 2:39 | Create | Villager (Male) |
| 3:25 | Create | Villager (Male) |
| 3:25 | Create | Villager (Male) |
| 3:32 | Create | Fishing Ship |
| 3:32 | Create | Fishing Ship |
| 4:01 | Build | House |
| 4:44 | Research | Loom |
| 4:45 | Create | Villager (Male) |
| 4:45 | Create | Villager (Male) |
| 5:08 | Create | Villager (Male) |
| 5:09 | Create | Fishing Ship |
| 5:33 | Create | Villager (Male) |
| 5:38 | Build | House |
| 6:01 | Create | Villager (Male) |
| 6:08 | Create | Fishing Ship |
| 6:19 | Create | Villager (Male) |
| 6:32 | Create | Villager (Male) |
| 6:48 | Create | Fishing Ship |
| 7:07 | Create | Villager (Male) |
| 7:10 | Build | House |
| 7:23 | Create | Fishing Ship |
| 7:24 | Create | Villager (Male) |
| 7:31 | Create | Villager (Male) |
| 7:49 | Build | House |
| 7:52 | Research | Loom |
| 8:16 | Create | Villager (Male) |
| 8:16 | Create | Villager (Male) |
| 8:20 | Create | Fishing Ship |
| 8:25 | Build | House |
| 8:45 | Create | Fishing Ship |
| 9:00 | Create | Villager (Male) |
| 9:19 | Create | Villager (Male) |
| 9:20 | Create | Fishing Ship |
| 9:42 | Create | Villager (Male) |
| 9:48 | Create | Fishing Ship |
| 9:53 | Build | House |
| 10:17 | Build | Mining Camp |
| 10:19 | Create | Villager (Male) |
| 10:44 | Create | Villager (Male) |
| 10:45 | Create | Fishing Ship |
| 10:48 | Build | House |
| 11:01 | Research | Feudal Age |
| 11:22 | Build | Mining Camp |
| 11:43 | Create | Fishing Ship |
| 12:13 | Build | Mill |
| 12:36 | Create | Villager (Male) |
| 12:36 | Create | Villager (Male) |
| 13:22 | Age | Feudal Age |
| 13:24 | Build | Market |
| 13:26 | Build | Blacksmith |
| 14:07 | Research | Castle Age |
| 14:07 | Research | Castle Age |
| 14:28 | Build | Dock |
| 14:30 | Create | Fishing Ship |
| 14:49 | Research | Gold Mining |
| 14:49 | Research | Gold Mining |
| 14:54 | Build | Lumber Camp |
| 15:28 | Research | Double-Bit Axe |
| 15:41 | Research | Gold Mining |
| 15:53 | Research | Stone Mining |
| 16:13 | Create | Villager (Male) |
| 16:52 | Age | Castle Age |
| 17:05 | Research | Bow Saw |
| 17:05 | Research | Bow Saw |
| 17:13 | Research | Tech 906 |
| 17:24 | Build | Dock |
| 17:24 | Create | Villager (Male) |
| 17:25 | Create | Villager (Male) |
| 17:44 | Build | Castle |
| 17:48 | Create | Villager (Male) |
| 17:54 | Research | Padded Archer Armor |
| 17:54 | Research | Padded Archer Armor |
| 18:05 | Build | Barracks |
| 18:17 | Create | Villager (Male) |
| 18:43 | Create | Villager (Male) |
| 18:47 | Build | House |
| 18:47 | Build | House |
| 18:51 | Build | Stable |
| 18:52 | Create | Conquistador |
| 18:53 | Create | Conquistador |
| 18:53 | Create | Conquistador |
| 19:12 | Create | Villager (Male) |
| 19:24 | Research | Husbandry |
| 19:25 | Research | Husbandry |
| 19:33 | Create | Fishing Ship |
| 19:35 | Build | Dock |
| 19:51 | Create | Conquistador |
| 19:51 | Create | Villager (Male) |
| 19:55 | Create | Villager (Male) |
| 20:04 | Create | Conquistador |
| 20:12 | Create | Villager (Male) |
| 20:35 | Research | Bloodlines |
| 20:35 | Research | Bloodlines |
| 21:11 | Create | Villager (Male) |
| 21:15 | Create | Conquistador |
| 21:27 | Build | Town Center |
| 21:29 | Create | Conquistador |
| 22:01 | Create | Conquistador |
| 22:35 | Create | Villager (Male) |
| 22:50 | Build | Town Center |
| 22:52 | Build | Farm |
| 22:52 | Build | Farm |
| 22:53 | Build | Farm |
| 22:53 | Build | Farm |
| 22:53 | Build | Farm |
| 22:54 | Build | Farm |
| 22:54 | Build | Farm |
| 22:54 | Build | Farm |
| 22:54 | Build | Farm |
| 23:39 | Build | Farm |
| 23:39 | Build | Farm |
| 23:43 | Build | Mill |
| 24:02 | Build | Market |
| 24:21 | Build | Farm |
| 24:21 | Build | Farm |
| 24:22 | Build | Farm |
| 24:22 | Build | Farm |
| 24:22 | Build | Farm |
| 24:47 | Create | Conquistador ×3 |
| 24:47 | Create | Conquistador ×3 |
| 24:49 | Create | Villager (Male) |
| 24:50 | Create | Villager (Male) |
| 24:50 | Create | Villager (Male) |
| 24:51 | Create | Villager (Male) |
| 24:56 | Build | Lumber Camp |
| 25:28 | Create | Conquistador |
| 25:28 | Create | Villager (Male) |
| 25:33 | Create | Villager (Male) |
| 25:59 | Build | Farm |
| 25:59 | Build | Farm |
| 26:00 | Build | Farm |
| 26:03 | Create | Villager (Male) |
| 26:07 | Build | Mill |
| 26:07 | Build | Farm |
| 26:08 | Build | Farm |
| 26:08 | Build | Farm |
| 26:08 | Build | Farm |
| 26:08 | Build | Farm |
| 26:09 | Build | Farm |
| 26:09 | Build | Farm |
| 26:09 | Build | Farm |
| 26:10 | Build | Farm |
| 26:57 | Create | Conquistador |
| 27:00 | Create | Villager (Male) |
Build order — El Venenudo
140 actions detected in the replay
| 0:14 | Build | Town Center |
| 0:20 | Build | Dock |
| 0:22 | Build | House |
| 2:43 | Create | Villager (Male) |
| 2:43 | Create | Villager (Male) |
| 2:46 | Create | Fishing Ship |
| 2:56 | Build | House |
| 3:19 | Create | Villager (Male) |
| 3:19 | Create | Villager (Male) |
| 3:20 | Create | Villager (Male) |
| 3:23 | Create | Villager (Male) |
| 4:37 | Create | Villager (Male) |
| 4:38 | Create | Fishing Ship |
| 4:43 | Build | House |
| 4:47 | Research | Loom |
| 4:50 | Create | Villager (Male) |
| 5:10 | Create | Villager (Male) |
| 5:24 | Create | Fishing Ship |
| 5:24 | Create | Fishing Ship |
| 5:35 | Build | House |
| 5:46 | Create | Villager (Male) |
| 5:50 | Build | House |
| 6:04 | Create | Villager (Male) |
| 6:04 | Create | Villager (Male) |
| 6:06 | Build | House |
| 6:13 | Build | House |
| 6:27 | Build | House |
| 6:39 | Build | House |
| 6:44 | Create | Villager (Male) |
| 6:49 | Create | Villager (Male) |
| 7:07 | Create | Villager (Male) |
| 7:12 | Create | Fishing Ship |
| 7:42 | Create | Fishing Ship |
| 7:52 | Create | Villager (Male) |
| 8:01 | Build | House |
| 8:24 | Create | Villager (Male) |
| 8:41 | Build | House |
| 8:44 | Create | Fishing Ship |
| 9:09 | Create | Villager (Male) |
| 9:32 | Create | Villager (Male) |
| 9:44 | Create | Fishing Ship |
| 9:52 | Create | Villager (Male) |
| 9:59 | Build | Dock |
| 10:16 | Create | Villager (Male) |
| 10:30 | Create | Villager (Male) |
| 10:41 | Build | Mining Camp |
| 11:21 | Research | Feudal Age |
| 11:22 | Research | Feudal Age |
| 11:22 | Research | Feudal Age |
| 11:31 | Build | House |
| 11:51 | Build | Mill |
| 12:03 | Build | Palisade Wall |
| 12:07 | Build | Palisade Wall |
| 12:16 | Build | Palisade Wall |
| 12:17 | Build | Palisade Wall |
| 12:17 | Build | Palisade Wall |
| 12:31 | Build | Palisade Wall |
| 12:34 | Build | Palisade Wall |
| 12:45 | Build | Palisade Wall |
| 12:55 | Build | Palisade Wall |
| 13:25 | Age | Feudal Age |
| 13:29 | Build | Market |
| 13:37 | Create | Villager (Male) |
| 13:38 | Create | Villager (Male) |
| 14:03 | Build | Blacksmith |
| 14:10 | Create | Villager (Male) |
| 14:19 | Build | Palisade Wall |
| 14:32 | Research | Castle Age |
| 14:39 | Build | Palisade Wall |
| 14:58 | Research | Fletching |
| 14:58 | Research | Fletching |
| 15:25 | Build | Palisade Wall |
| 16:15 | Build | Lumber Camp |
| 16:40 | Research | Double-Bit Axe |
| 16:40 | Research | Double-Bit Axe |
| 17:10 | Age | Castle Age |
| 17:12 | Build | Siege Workshop |
| 17:17 | Create | Villager (Male) |
| 17:20 | Research | Bow Saw |
| 17:27 | Research | Bodkin Arrow |
| 17:27 | Research | Bodkin Arrow |
| 17:31 | Build | Palisade Wall |
| 17:39 | Create | Mangonel |
| 17:39 | Create | Mangonel |
| 18:08 | Create | Villager (Male) |
| 18:16 | Build | Monastery |
| 18:44 | Build | Building 800 |
| 18:48 | Create | Villager (Male) |
| 18:55 | Build | House |
| 19:00 | Create | Monk |
| 19:07 | Create | Scorpion |
| 19:11 | Create | Villager (Male) |
| 19:14 | Build | Town Center |
| 19:22 | Create | Villager (Male) |
| 19:30 | Create | Villager (Male) |
| 19:30 | Create | Villager (Male) |
| 19:51 | Create | Mangonel |
| 20:23 | Create | Villager (Male) |
| 20:24 | Create | Villager (Male) |
| 20:26 | Create | Villager (Male) |
| 20:29 | Create | Villager (Male) |
| 20:48 | Create | Villager (Male) |
| 20:51 | Create | Fishing Ship |
| 20:51 | Create | Fishing Ship |
| 20:58 | Build | Dock |
| 21:01 | Create | Villager (Male) |
| 21:06 | Build | Mill |
| 21:16 | Create | Villager (Male) |
| 21:37 | Build | Town Center |
| 21:55 | Create | Mangonel |
| 22:01 | Create | Monk |
| 22:32 | Build | House |
| 22:38 | Create | Monk |
| 22:53 | Create | Villager (Male) |
| 22:55 | Create | Villager (Male) |
| 22:59 | Create | Fishing Ship |
| 22:59 | Create | Fishing Ship |
| 23:01 | Build | House |
| 23:01 | Build | House |
| 23:14 | Create | Villager (Male) |
| 23:32 | Create | Villager (Male) |
| 23:33 | Create | Villager (Male) |
| 23:33 | Create | Villager (Male) |
| 24:04 | Build | Lumber Camp |
| 24:07 | Build | Monastery |
| 24:11 | Build | University |
| 24:13 | Create | Villager (Male) |
| 24:13 | Create | Villager (Male) |
| 24:24 | Create | Villager (Male) |
| 24:24 | Create | Villager (Male) |
| 24:30 | Create | Fishing Ship |
| 24:31 | Create | Fishing Ship |
| 24:36 | Research | Ballistics |
| 24:36 | Research | Ballistics |
| 24:52 | Create | Villager (Male) |
| 25:44 | Build | House |
| 25:58 | Create | Mangonel |
| 26:15 | Create | Monk |
| 26:26 | Research | Town Watch |
| 26:58 | Create | Villager (Male) |
Build order — pinneda
97 actions detected in the replay
| 0:49 | Build | Town Center |
| 1:51 | Build | Dock |
| 1:53 | Build | House |
| 2:57 | Create | Villager (Male) |
| 2:58 | Create | Villager (Male) |
| 2:58 | Create | Villager (Male) |
| 2:59 | Create | Villager (Male) |
| 2:59 | Create | Villager (Male) |
| 3:38 | Create | Fishing Ship |
| 4:22 | Build | House |
| 4:29 | Create | Villager (Male) |
| 4:54 | Create | Fishing Ship |
| 4:54 | Create | Fishing Ship |
| 5:08 | Create | Villager (Male) |
| 5:08 | Create | Villager (Male) |
| 5:39 | Create | Villager (Male) |
| 5:39 | Create | Villager (Male) |
| 5:50 | Create | Fishing Ship |
| 6:02 | Create | Villager (Male) |
| 6:11 | Build | House |
| 6:21 | Create | Villager (Male) |
| 6:50 | Create | Villager (Male) |
| 6:57 | Create | Fishing Ship |
| 7:03 | Research | Loom |
| 7:22 | Create | Villager (Male) |
| 7:33 | Build | House |
| 7:39 | Create | Villager (Male) |
| 8:07 | Create | Villager (Male) |
| 8:21 | Create | Fishing Ship |
| 8:27 | Create | Villager (Male) |
| 8:45 | Create | Villager (Male) |
| 8:56 | Build | House |
| 8:58 | Create | Fishing Ship |
| 8:59 | Create | Villager (Male) |
| 9:15 | Create | Villager (Male) |
| 9:31 | Build | House |
| 10:08 | Create | Fishing Ship |
| 10:44 | Create | Villager (Male) |
| 10:48 | Build | Mill |
| 11:07 | Research | Feudal Age |
| 11:42 | Build | Mining Camp |
| 12:37 | Create | Villager (Male) |
| 12:37 | Create | Villager (Male) |
| 13:22 | Build | Blacksmith |
| 13:27 | Build | Market |
| 13:31 | Build | Stone Wall |
| 14:06 | Research | Castle Age |
| 14:14 | Build | Lumber Camp |
| 14:54 | Research | Double-Bit Axe |
| 15:13 | Build | House |
| 15:21 | Build | Stone Wall |
| 16:09 | Create | Villager (Male) |
| 16:56 | Build | Castle |
| 17:01 | Build | Siege Workshop |
| 17:18 | Create | Villager (Male) |
| 17:20 | Research | Padded Archer Armor |
| 17:38 | Create | Battering Ram |
| 17:40 | Create | Villager (Male) |
| 17:43 | Build | House |
| 17:44 | Build | House |
| 17:48 | Create | Villager (Male) |
| 18:01 | Create | Conquistador |
| 18:01 | Create | Conquistador |
| 18:01 | Create | Conquistador |
| 18:05 | Research | Leather Archer Armor |
| 18:27 | Create | Battering Ram |
| 18:27 | Create | Battering Ram |
| 18:38 | Create | Villager (Male) |
| 18:42 | Create | Conquistador |
| 19:01 | Create | Villager (Male) |
| 19:01 | Create | Conquistador |
| 19:15 | Create | Battering Ram |
| 19:21 | Create | Villager (Male) |
| 19:23 | Create | Conquistador |
| 19:50 | Create | Villager (Male) |
| 20:09 | Build | Farm |
| 20:09 | Build | Farm |
| 20:10 | Create | Conquistador |
| 21:21 | Create | Villager (Male) |
| 21:22 | Create | Conquistador |
| 21:44 | Create | Conquistador |
| 22:06 | Create | Conquistador |
| 22:19 | Create | Conquistador |
| 22:56 | Build | Town Center |
| 23:00 | Create | Mangonel |
| 23:04 | Create | Villager (Male) |
| 23:15 | Create | Fishing Ship |
| 23:16 | Create | Fishing Ship |
| 23:16 | Create | Fishing Ship |
| 23:57 | Create | Villager (Male) |
| 23:58 | Create | Villager (Male) |
| 24:38 | Create | Mangonel |
| 24:55 | Create | Villager (Male) |
| 24:55 | Create | Villager (Male) |
| 25:23 | Build | Town Center |
| 25:26 | Create | Villager (Male) |
| 25:27 | Create | Villager (Male) |
Build order — watoncito
First 150 of 336 actions detected
| 0:16 | Build | Town Center |
| 1:07 | Build | Dock |
| 1:14 | Build | Dock |
| 2:31 | Create | Villager (Male) ×4 |
| 2:32 | Create | Villager (Male) ×4 |
| 3:46 | Create | Fishing Ship |
| 4:08 | Create | Villager (Male) |
| 4:08 | Create | Villager (Male) |
| 4:25 | Build | House |
| 4:31 | Research | Loom |
| 4:56 | Create | Villager (Male) |
| 4:56 | Create | Villager (Male) |
| 5:03 | Create | Fishing Ship |
| 5:03 | Create | Fishing Ship |
| 5:26 | Create | Villager (Male) |
| 5:26 | Create | Villager (Male) |
| 5:45 | Create | Villager (Male) |
| 5:45 | Create | Villager (Male) |
| 5:52 | Create | Fishing Ship |
| 5:52 | Create | Fishing Ship |
| 6:01 | Build | House |
| 6:15 | Create | Villager (Male) |
| 6:16 | Create | Villager (Male) |
| 6:37 | Create | Villager (Male) |
| 6:41 | Create | Fishing Ship |
| 7:12 | Create | Villager (Male) |
| 7:18 | Build | House |
| 7:23 | Create | Villager (Male) |
| 7:23 | Create | Villager (Male) |
| 7:37 | Create | Fishing Ship |
| 7:37 | Create | Fishing Ship |
| 7:39 | Create | Villager (Male) |
| 7:39 | Create | Villager (Male) |
| 8:10 | Create | Villager (Male) |
| 8:36 | Create | Fishing Ship |
| 8:37 | Create | Villager (Male) |
| 8:39 | Build | House |
| 8:43 | Create | Villager (Male) |
| 8:52 | Build | House |
| 9:00 | Create | Villager (Male) |
| 9:42 | Create | Fishing Ship |
| 9:46 | Build | House |
| 10:02 | Create | Villager (Male) |
| 10:03 | Create | Villager (Male) |
| 10:12 | Create | Fishing Ship |
| 10:57 | Create | Villager (Male) |
| 11:01 | Build | House |
| 11:04 | Create | Fishing Ship |
| 11:12 | Create | Villager (Male) |
| 11:18 | Build | Palisade Wall |
| 11:33 | Create | Villager (Male) |
| 11:47 | Build | Mining Camp |
| 12:12 | Build | Lumber Camp |
| 12:16 | Create | Villager (Male) |
| 12:18 | Research | Feudal Age |
| 12:27 | Build | Palisade Wall |
| 12:32 | Build | Palisade Wall |
| 12:36 | Build | Palisade Wall |
| 12:37 | Build | Palisade Wall |
| 13:36 | Build | Barracks |
| 14:21 | Create | Villager (Male) |
| 14:21 | Create | Villager (Male) |
| 14:28 | Age | Feudal Age |
| 14:30 | Build | Blacksmith |
| 14:36 | Build | Archery Range |
| 14:39 | Build | Archery Range |
| 14:50 | Research | Double-Bit Axe |
| 14:51 | Research | Double-Bit Axe |
| 15:07 | Research | Tech 906 |
| 15:25 | Research | Castle Age |
| 15:26 | Research | Castle Age |
| 15:58 | Research | Fletching |
| 15:59 | Research | Padded Archer Armor |
| 16:03 | Create | Skirmisher |
| 16:03 | Create | Skirmisher |
| 16:05 | Research | Gold Mining |
| 16:05 | Research | Gold Mining |
| 16:08 | Build | House |
| 16:09 | Build | House |
| 16:22 | Build | Lumber Camp |
| 16:28 | Create | Skirmisher |
| 16:28 | Create | Skirmisher |
| 16:35 | Build | House |
| 16:39 | Build | Palisade Wall |
| 17:16 | Create | Skirmisher |
| 17:17 | Create | Skirmisher |
| 17:18 | Create | Skirmisher |
| 17:19 | Create | Skirmisher |
| 17:30 | Build | Palisade Wall |
| 17:32 | Build | Palisade Wall |
| 17:58 | Create | Skirmisher |
| 17:59 | Create | Skirmisher |
| 18:02 | Create | Villager (Male) |
| 18:02 | Create | Villager (Male) |
| 18:05 | Age | Castle Age |
| 18:12 | Build | Siege Workshop |
| 18:15 | Build | Palisade Wall |
| 18:17 | Build | Palisade Wall |
| 18:24 | Research | Elite Skirmisher (upgrade) |
| 18:25 | Research | Bodkin Arrow |
| 18:25 | Research | Bodkin Arrow |
| 18:27 | Research | Bow Saw |
| 18:27 | Research | Bow Saw |
| 18:30 | Create | Villager (Male) |
| 18:31 | Research | Gillnets |
| 18:32 | Research | Gillnets |
| 18:37 | Build | House |
| 18:46 | Create | Skirmisher |
| 18:47 | Create | Skirmisher |
| 19:01 | Create | Armored Elephant |
| 19:01 | Create | Armored Elephant |
| 19:18 | Create | Villager (Male) |
| 19:24 | Build | Dock |
| 19:29 | Create | Fishing Ship |
| 19:32 | Create | Skirmisher |
| 19:32 | Create | Skirmisher |
| 19:43 | Create | Armored Elephant |
| 19:46 | Create | Villager (Male) |
| 19:52 | Create | Fishing Ship |
| 19:52 | Create | Fishing Ship |
| 19:59 | Build | House |
| 20:00 | Build | House |
| 20:04 | Build | House |
| 20:05 | Build | House |
| 20:09 | Create | Villager (Male) |
| 20:19 | Create | Armored Elephant |
| 20:20 | Create | Skirmisher |
| 20:20 | Create | Skirmisher |
| 20:21 | Create | Skirmisher |
| 20:25 | Build | House |
| 20:26 | Build | House |
| 20:26 | Build | House |
| 20:33 | Build | House |
| 20:33 | Build | House |
| 20:35 | Create | Villager (Male) |
| 20:50 | Create | Fishing Ship |
| 20:51 | Create | Fishing Ship |
| 20:55 | Build | Dock |
| 21:01 | Create | Armored Elephant |
| 21:16 | Build | Mill |
| 21:36 | Create | Armored Elephant |
| 21:38 | Create | Skirmisher |
| 21:39 | Create | Skirmisher |
| 21:42 | Create | Fishing Ship |
| 21:42 | Create | Fishing Ship |
| 21:42 | Create | Fishing Ship |
| 21:45 | Create | Villager (Male) |
| 21:46 | Create | Villager (Male) |
| 21:58 | Create | Skirmisher |
| 21:58 | Create | Skirmisher |
Build order — YYQ
48 actions detected in the replay
| 0:26 | Build | Town Center |
| 1:07 | Build | Dock |
| 2:39 | Create | Villager (Male) |
| 2:39 | Create | Villager (Male) |
| 2:39 | Create | Villager (Male) |
| 2:40 | Create | Villager (Male) |
| 3:36 | Create | Fishing Ship |
| 4:03 | Create | Villager (Male) |
| 4:03 | Create | Villager (Male) |
| 4:21 | Build | House |
| 4:44 | Create | Villager (Male) |
| 4:45 | Create | Villager (Male) |
| 5:07 | Create | Villager (Male) |
| 5:07 | Create | Villager (Male) |
| 5:14 | Create | Fishing Ship |
| 5:31 | Create | Villager (Male) |
| 5:32 | Create | Villager (Male) |
| 5:40 | Build | House |
| 6:00 | Create | Villager (Male) |
| 6:00 | Create | Villager (Male) |
| 6:03 | Create | Fishing Ship |
| 6:24 | Create | Villager (Male) |
| 6:39 | Create | Villager (Male) |
| 6:39 | Create | Villager (Male) |
| 6:44 | Create | Fishing Ship |
| 6:59 | Build | House |
| 7:11 | Create | Villager (Male) |
| 7:12 | Create | Villager (Male) |
| 7:26 | Create | Fishing Ship |
| 7:26 | Create | Fishing Ship |
| 7:34 | Create | Villager (Male) |
| 7:34 | Create | Villager (Male) |
| 7:59 | Create | Fishing Ship |
| 8:16 | Create | Villager (Male) |
| 8:39 | Build | House |
| 8:51 | Create | Villager (Male) |
| 8:56 | Build | Mining Camp |
| 9:01 | Research | Loom |
| 9:16 | Create | Fishing Ship |
| 9:43 | Research | Feudal Age |
| 9:43 | Research | Feudal Age |
| 10:50 | Build | Lumber Camp |
| 10:58 | Build | Dock |
| 11:00 | Build | House |
| 11:38 | Create | Villager (Male) |
| 11:55 | Age | Feudal Age |
| 11:56 | Create | Galley |
| 11:57 | Create | Galley |
Build order — [CL] Inkisidor_
First 150 of 392 actions detected
| 0:02 | Build | Town Center |
| 1:10 | Build | Dock |
| 2:23 | Create | Villager (Male) |
| 2:23 | Create | Villager (Male) |
| 2:23 | Create | Villager (Male) |
| 2:23 | Create | Villager (Male) |
| 3:01 | Create | Fishing Ship |
| 3:01 | Create | Fishing Ship |
| 3:50 | Build | House |
| 3:56 | Create | Villager (Male) |
| 4:25 | Create | Villager (Male) |
| 4:25 | Create | Villager (Male) |
| 4:25 | Create | Villager (Male) |
| 4:42 | Create | Villager (Male) |
| 4:43 | Create | Villager (Male) |
| 5:08 | Create | Villager (Male) |
| 5:08 | Create | Villager (Male) |
| 5:19 | Create | Fishing Ship |
| 5:19 | Create | Fishing Ship |
| 5:19 | Create | Fishing Ship |
| 5:35 | Create | Villager (Male) |
| 5:35 | Create | Villager (Male) |
| 5:39 | Build | House |
| 5:56 | Create | Villager (Male) |
| 6:16 | Create | Fishing Ship |
| 6:16 | Create | Fishing Ship |
| 6:26 | Create | Villager (Male) |
| 6:27 | Create | Villager (Male) |
| 6:27 | Create | Villager (Male) |
| 7:03 | Build | House |
| 7:13 | Create | Villager (Male) |
| 7:17 | Create | Fishing Ship |
| 7:17 | Create | Fishing Ship |
| 7:17 | Create | Fishing Ship |
| 7:42 | Create | Villager (Male) |
| 7:56 | Build | Mill |
| 8:05 | Create | Villager (Male) |
| 8:25 | Research | Loom |
| 8:36 | Create | Fishing Ship |
| 8:36 | Create | Fishing Ship |
| 8:57 | Research | Feudal Age |
| 10:07 | Build | Barracks |
| 10:41 | Build | Mining Camp |
| 11:10 | Create | Villager (Male) |
| 11:13 | Age | Feudal Age |
| 11:15 | Build | House |
| 11:17 | Create | Eagle Scout |
| 11:26 | Build | Lumber Camp |
| 11:30 | Create | Villager (Male) |
| 11:33 | Create | Eagle Scout |
| 11:33 | Create | Eagle Scout |
| 11:45 | Build | House |
| 11:53 | Create | Villager (Male) |
| 12:05 | Research | Double-Bit Axe |
| 12:05 | Research | Double-Bit Axe |
| 12:05 | Research | Double-Bit Axe |
| 12:05 | Create | Villager (Male) |
| 12:09 | Create | Eagle Scout |
| 12:10 | Create | Villager (Male) |
| 12:20 | Create | Villager (Male) |
| 12:28 | Build | Barracks |
| 12:29 | Create | Villager (Male) |
| 12:32 | Create | Eagle Scout |
| 12:32 | Create | Eagle Scout |
| 12:48 | Research | Horse Collar |
| 12:48 | Research | Horse Collar |
| 12:48 | Research | Horse Collar |
| 12:48 | Create | Villager (Male) |
| 12:51 | Build | Farm |
| 12:52 | Create | Villager (Male) |
| 13:03 | Create | Eagle Scout |
| 13:03 | Create | Eagle Scout |
| 13:03 | Create | Eagle Scout |
| 13:08 | Create | Eagle Scout |
| 13:15 | Create | Eagle Scout |
| 13:18 | Build | House |
| 13:19 | Create | Villager (Male) |
| 13:23 | Create | Eagle Scout |
| 13:37 | Build | Farm |
| 13:41 | Create | Eagle Scout |
| 13:42 | Create | Eagle Scout |
| 13:43 | Create | Villager (Male) |
| 13:49 | Create | Villager (Male) |
| 14:08 | Create | Villager (Male) |
| 14:21 | Build | House |
| 14:31 | Create | Eagle Scout |
| 14:31 | Create | Eagle Scout |
| 14:36 | Create | Fire Galley |
| 14:36 | Create | Fire Galley |
| 14:37 | Create | Fire Galley |
| 14:37 | Create | Fire Galley |
| 14:54 | Create | Eagle Scout |
| 14:54 | Create | Eagle Scout |
| 15:01 | Create | Villager (Male) |
| 15:04 | Build | Farm |
| 15:05 | Build | Farm |
| 15:12 | Create | Fire Galley |
| 15:13 | Create | Fire Galley |
| 15:14 | Create | Villager (Male) |
| 15:26 | Create | Villager (Male) |
| 15:28 | Create | Eagle Scout |
| 15:29 | Create | Eagle Scout |
| 15:30 | Create | Villager (Male) |
| 15:33 | Build | Farm |
| 15:39 | Create | Villager (Male) |
| 15:44 | Build | Farm |
| 15:45 | Create | Villager (Male) |
| 15:48 | Create | Eagle Scout |
| 15:49 | Create | Eagle Scout |
| 15:52 | Create | Villager (Male) |
| 15:56 | Create | Villager (Male) |
| 16:09 | Create | Fire Galley |
| 16:09 | Create | Fire Galley |
| 16:09 | Create | Fire Galley |
| 16:18 | Create | Villager (Male) |
| 16:29 | Build | House |
| 16:39 | Create | Fire Galley |
| 16:51 | Create | Villager (Male) |
| 16:58 | Create | Villager (Male) |
| 17:08 | Create | Villager (Male) |
| 17:09 | Build | Market |
| 17:15 | Create | Eagle Scout |
| 17:15 | Create | Eagle Scout |
| 17:37 | Create | Villager (Male) |
| 17:53 | Build | Blacksmith |
| 18:03 | Create | Eagle Scout |
| 18:04 | Create | Eagle Scout |
| 18:07 | Create | Villager (Male) |
| 18:09 | Create | Eagle Scout |
| 18:09 | Create | Eagle Scout |
| 18:17 | Research | Castle Age |
| 18:18 | Research | Castle Age |
| 18:31 | Create | Eagle Scout |
| 18:31 | Create | Eagle Scout |
| 18:46 | Create | Villager (Male) |
| 18:47 | Create | Eagle Scout |
| 18:47 | Create | Eagle Scout |
| 18:47 | Create | Eagle Scout |
| 18:48 | Create | Eagle Scout |
| 18:53 | Create | Villager (Male) |
| 18:57 | Build | Farm |
| 19:09 | Research | Gold Mining |
| 19:09 | Research | Gold Mining |
| 19:13 | Create | Eagle Scout |
| 19:13 | Create | Eagle Scout |
| 19:23 | Build | Farm |
| 19:25 | Build | Farm |
| 19:27 | Build | Farm |
| 19:29 | Build | Farm |
| 19:32 | Create | Eagle Scout |
Build order — VNS_Duy
First 150 of 223 actions detected
| 0:16 | Build | Town Center |
| 0:26 | Build | Dock |
| 2:32 | Create | Villager (Male) |
| 2:33 | Create | Villager (Male) |
| 2:33 | Create | Villager (Male) |
| 2:33 | Create | Villager (Male) |
| 2:33 | Create | Villager (Male) |
| 3:00 | Create | Villager (Male) |
| 3:00 | Create | Villager (Male) |
| 3:26 | Create | Fishing Ship |
| 3:57 | Build | House |
| 4:38 | Create | Villager (Male) |
| 4:38 | Create | Villager (Male) |
| 5:19 | Create | Villager (Male) |
| 5:19 | Create | Villager (Male) |
| 5:26 | Create | Villager (Male) |
| 5:26 | Create | Villager (Male) |
| 5:44 | Create | Villager (Male) |
| 5:44 | Create | Villager (Male) |
| 5:51 | Create | Fishing Ship |
| 5:51 | Create | Fishing Ship |
| 5:53 | Build | House |
| 6:22 | Create | Fishing Ship |
| 6:22 | Create | Fishing Ship |
| 6:41 | Create | Villager (Male) |
| 6:42 | Create | Villager (Male) |
| 6:44 | Create | Villager (Male) |
| 6:44 | Create | Villager (Male) |
| 6:45 | Create | Villager (Male) |
| 7:07 | Create | Fishing Ship |
| 7:07 | Create | Fishing Ship |
| 7:15 | Build | House |
| 7:37 | Build | House |
| 7:46 | Create | Villager (Male) |
| 7:46 | Create | Villager (Male) |
| 7:46 | Create | Villager (Male) |
| 7:52 | Build | House |
| 8:05 | Build | House |
| 8:09 | Build | House |
| 8:29 | Build | House |
| 8:36 | Research | Loom |
| 8:37 | Research | Loom |
| 8:38 | Create | Fishing Ship |
| 8:44 | Build | House |
| 8:56 | Build | Dock |
| 9:07 | Create | Villager (Male) |
| 9:07 | Create | Villager (Male) |
| 9:08 | Create | Villager (Male) |
| 9:55 | Create | Fishing Ship |
| 9:58 | Create | Fishing Ship |
| 10:21 | Create | Villager (Male) |
| 10:29 | Build | Mining Camp |
| 11:02 | Research | Feudal Age |
| 11:02 | Research | Feudal Age |
| 11:07 | Build | Dock |
| 11:15 | Create | Fishing Ship |
| 11:57 | Build | Mill |
| 12:08 | Create | Fishing Ship |
| 12:08 | Create | Fishing Ship |
| 13:12 | Age | Feudal Age |
| 13:13 | Create | Galley ×5 |
| 13:21 | Create | Villager (Male) |
| 13:22 | Create | Villager (Male) |
| 13:26 | Build | Market |
| 13:29 | Build | Blacksmith |
| 14:23 | Research | Fletching |
| 14:23 | Research | Fletching |
| 14:36 | Research | Castle Age |
| 14:36 | Research | Castle Age |
| 14:48 | Create | Galley ×2 |
| 15:27 | Create | Galley ×2 |
| 15:27 | Create | Galley ×2 |
| 16:09 | Create | Galley ×2 |
| 16:09 | Create | Galley ×2 |
| 16:11 | Create | Villager (Male) |
| 16:15 | Build | Lumber Camp |
| 16:59 | Build | House |
| 17:02 | Build | House |
| 17:16 | Age | Castle Age |
| 17:20 | Research | War Galley (upgrade) |
| 17:20 | Research | War Galley (upgrade) |
| 17:32 | Research | Bodkin Arrow |
| 17:32 | Research | Bodkin Arrow |
| 17:34 | Research | Double-Bit Axe |
| 17:34 | Research | Double-Bit Axe |
| 17:35 | Create | Villager (Male) |
| 17:35 | Create | Villager (Male) |
| 17:38 | Build | Town Center |
| 17:40 | Create | Villager (Male) |
| 17:45 | Build | House |
| 18:16 | Create | Villager (Male) |
| 18:16 | Create | Villager (Male) |
| 18:22 | Create | Villager (Male) |
| 18:26 | Build | House |
| 18:45 | Create | Fire Galley ×4 |
| 19:12 | Build | Town Center |
| 19:14 | Create | Villager (Male) |
| 19:14 | Create | Villager (Male) |
| 19:38 | Build | Dock |
| 19:39 | Create | Villager (Male) |
| 19:39 | Create | Villager (Male) |
| 19:42 | Create | Villager (Male) |
| 19:42 | Create | Villager (Male) |
| 19:43 | Create | Villager (Male) |
| 19:43 | Create | Villager (Male) |
| 19:55 | Create | Fishing Ship |
| 19:55 | Create | Fishing Ship |
| 20:06 | Research | Bow Saw |
| 20:06 | Research | Bow Saw |
| 20:25 | Create | Villager (Male) |
| 20:25 | Create | Villager (Male) |
| 20:53 | Create | Villager (Male) |
| 20:54 | Create | Villager (Male) |
| 20:54 | Create | Villager (Male) |
| 20:55 | Create | Villager (Male) |
| 20:55 | Create | Villager (Male) |
| 21:28 | Create | Fishing Ship |
| 21:32 | Create | Fishing Ship |
| 21:32 | Create | Fishing Ship |
| 21:35 | Create | Fishing Ship |
| 21:39 | Create | Fishing Ship |
| 21:50 | Build | Town Center |
| 21:53 | Create | Villager (Male) |
| 21:53 | Create | Villager (Male) |
| 21:54 | Create | Villager (Male) |
| 21:54 | Create | Villager (Male) |
| 21:55 | Create | Villager (Male) |
| 22:41 | Create | Villager (Male) |
| 22:44 | Create | Villager (Male) |
| 22:45 | Create | Villager (Male) |
| 22:46 | Create | Villager (Male) |
| 23:44 | Create | Fishing Ship |
| 23:47 | Create | Fishing Ship |
| 23:47 | Create | Fishing Ship |
| 23:58 | Build | Barracks |
| 24:20 | Create | Villager (Male) |
| 24:22 | Build | Farm |
| 24:23 | Build | House |
| 24:24 | Build | Lumber Camp |
| 24:28 | Build | House |
| 24:28 | Build | House |
| 25:17 | Build | Castle |
| 25:23 | Create | Villager (Male) |
| 25:23 | Create | Villager (Male) |
| 25:32 | Create | Villager (Male) |
| 25:35 | Build | Farm |
| 25:36 | Build | Farm |
| 25:37 | Build | Farm |
| 25:37 | Build | Farm |
| 25:46 | Research | Man-at-Arms (upgrade) |
Match timeline
| 0:20 | El Venenudo · first_building Dock |
| 0:24 | Chapulin Colorado · first_building Dock |
| 0:26 | VNS_Duy · first_building Dock |
| 0:29 | Chapulin Colorado · wall_segment Palisade Wall x1 |
| 0:30 | Chapulin Colorado · wall_segment Palisade Wall x1 |
| 0:32 | Chapulin Colorado · wall_segment Palisade Wall x1 |
| 0:51 | [CL] Davidlk1412 · first_building Dock |
| 1:07 | watoncito · first_building Dock |
| 1:07 | YYQ · first_building Dock |
| 1:10 | [CL] Inkisidor_ · first_building Dock |
| 1:51 | pinneda · first_building Dock |
| 10:07 | [CL] Inkisidor_ · first_building Barracks |
| 11:13 | [CL] Inkisidor_ · age_up feudal |
| 11:18 | watoncito · wall_segment Palisade Wall x1 |
| 11:55 | YYQ · age_up feudal |
| 12:03 | El Venenudo · wall_segment Palisade Wall x4 |
| 12:07 | El Venenudo · wall_segment Palisade Wall x1 |
| 12:16 | El Venenudo · wall_segment Palisade Wall x1 |
| 12:17 | El Venenudo · wall_segment Palisade Wall x1 |
| 12:17 | El Venenudo · wall_segment Palisade Wall x1 |
| 12:27 | watoncito · wall_segment Palisade Wall x6 |
| 12:31 | El Venenudo · wall_segment Palisade Wall x1 |
| 12:32 | watoncito · wall_segment Palisade Wall x1 |
| 12:34 | El Venenudo · wall_segment Palisade Wall x5 |
| 12:36 | watoncito · wall_segment Palisade Wall x3 |
| 12:37 | watoncito · wall_segment Palisade Wall x7 |
| 12:45 | El Venenudo · wall_segment Palisade Wall x4 |
| 12:55 | El Venenudo · wall_segment Palisade Wall x6 |
| 13:12 | VNS_Duy · age_up feudal |
| 13:22 | [CL] Davidlk1412 · age_up feudal |
| 13:25 | El Venenudo · age_up feudal |
| 13:31 | pinneda · wall_segment Stone Wall x7 |
| 13:36 | watoncito · first_building Barracks |
| 13:40 | YYQ · resign |
| 14:19 | El Venenudo · wall_segment Palisade Wall x10 |
| 14:28 | watoncito · age_up feudal |
| 14:36 | watoncito · first_building Archery Range |
| 14:39 | El Venenudo · wall_segment Palisade Wall x8 |
| 14:42 | Chapulin Colorado · age_up feudal |
| 15:21 | pinneda · wall_segment Stone Wall x6 |
| 15:25 | El Venenudo · wall_segment Palisade Wall x10 |
| 16:25 | [CL] Davidlk1412 · first_market_buy 100 stone |
| 16:39 | watoncito · wall_segment Palisade Wall x8 |
| 16:52 | [CL] Davidlk1412 · age_up castle |
| 16:56 | pinneda · first_building Castle |
| 17:01 | pinneda · first_building Siege Workshop |
| 17:10 | El Venenudo · age_up castle |
| 17:12 | El Venenudo · first_building Siege Workshop |
| 17:16 | VNS_Duy · age_up castle |
| 17:30 | watoncito · wall_segment Palisade Wall x1 |
| 17:31 | El Venenudo · wall_segment Palisade Wall x1 |
| 17:31 | VNS_Duy · first_market_sell 100 food |
| 17:32 | watoncito · wall_segment Palisade Wall x1 |
| 17:44 | [CL] Davidlk1412 · first_building Castle |
| 18:05 | [CL] Davidlk1412 · first_building Barracks |
| 18:05 | watoncito · age_up castle |
| 18:12 | Chapulin Colorado · age_up castle |
| 18:12 | watoncito · first_building Siege Workshop |
| 18:13 | [CL] Inkisidor_ · first_market_sell 100 food |
| 18:15 | watoncito · wall_segment Palisade Wall x3 |
| 18:16 | El Venenudo · first_building Monastery |
| 18:17 | watoncito · wall_segment Palisade Wall x2 |
| 18:26 | Chapulin Colorado · first_building Castle |
| 18:35 | [CL] Davidlk1412 · first_market_sell 100 food |
| 18:51 | [CL] Davidlk1412 · first_building Stable |
| 18:58 | Chapulin Colorado · first_market_buy 100 wood |
| 19:13 | pinneda · first_market_sell 100 stone |
| 19:51 | El Venenudo · first_market_sell 100 wood |
| 21:12 | [CL] Inkisidor_ · age_up castle |
| 22:53 | Chapulin Colorado · first_market_sell 100 stone |
| 23:58 | VNS_Duy · first_building Barracks |
| 25:17 | VNS_Duy · first_building Castle |
| 26:49 | [CL] Inkisidor_ · first_building Siege Workshop |
| 29:38 | VNS_Duy · first_market_buy 100 food |
| 30:08 | Chapulin Colorado · wall_segment Stone Wall x1 |
| 30:55 | VNS_Duy · age_up imperial |
| 31:44 | watoncito · wall_segment Palisade Wall x1 |
[ AI ANALYSIS · 1 CREDIT ]
What really happened in this match?
Wolo.gg analyzes every decision: build order, eco, micro, common mistakes by bracket. Personalized analysis on WhatsApp or Discord in 30 seconds.
Civ guide
Koreans
Perfil
Jugador #25179480